 Dungeon Crawl Stone Soup version 0.29-a0-270-g1586fc07ea (webtiles) character file.

Game seed: 5691035290255838140

24004 bearlyready the Sharpshooter (level 13, -3/80 HPs)
             Began as a Kobold Hunter on Mar 8, 2022.
             Was an Initiate of Gozag.
             Killed themself with a badly aimed burst of rock shards (14 damage)
             ... on level 4 of the Lair of Beasts.
             The game lasted 00:43:05 (22914 turns).

bearlyready the Sharpshooter (Kobold Hunter)       Turns: 22914, Time: 00:43:06

Health: -3/80      AC:  7    Str: 10    XL:     13   Next: 39%
Magic:  0/13       EV: 29    Int: 15    God:    Gozag
Gold:   1512       SH:  0    Dex: 29    Spells: 12/12 levels left

rFire   + . .      SeeInvis +   b - +3 rapier (venom)
rCold   x . .      Faith    .   (no shield)
rNeg    . . .      Spirit   +   s - +1 leather armour "Qyonuas" {rPois Will+ Dex+4}
rPois   +          Reflect  .   Z - +0 hat
rElec   .          Harm     .   C - +0 cloak
rCorr   .          Rampage  .   X - +1 pair of gloves
Will    +....                   (no boots)
Stlth   ++++++++..              M - amulet of guardian spirit
HPRegen 0.23/turn               K - +6 ring of dexterity
MPRegen 0.13/turn               Q - ring of Emezoskes {Fire Int+2 Slay+3 SInv Stlth+}

@: gold aura, studying Maces & Flails
A: small, no large weapons, nightstalker 3
a: Renounce Religion, Potion Petition, Call Merchant, Bribe Branch


You were on level 4 of the Lair of Beasts.
You worshipped Gozag.
Gozag was most pleased with you.
You visited 3 branches of the dungeon, and saw 15 of its levels.
You also visited: Bailey and Ice Cave.

You collected 3401 gold pieces.
You spent 848 gold pieces at shops.
You paid 1041 gold pieces to Gozag.

Inventory:

Hand Weapons
 a - a +6 hand crossbow of freezing
 b - a +3 rapier of venom (weapon)
 y - a +0 rapier
 U - a +0 arbalest
Missiles
 d - 553 stones
 e - 14 boomerangs
 g - 4 curare-tipped darts
 l - 93 poisoned darts (quivered)
 o - 4 atropa-tipped darts
Armour
 i - a +0 buckler
 s - the +1 leather armour "Qyonuas" (worn) {rPois Will+ Dex+4}
   (You found it on level 9 of the Dungeon)

   Dex:       It affects your dexterity (+4).
   rPois:     It protects you from poison.
   Will:      It increases your willpower.
 C - a +0 cloak (worn)
 X - a +1 pair of gloves (worn)
 Z - a +0 hat (worn)
Jewellery
 A - an amulet of the acrobat
 K - a +6 ring of dexterity (left hand)
 L - a ring of wizardry
 M - an amulet of guardian spirit (around neck)
 P - a +4 ring of protection
 Q - the ring of Emezoskes (right hand) {Fire Int+2 Slay+3 SInv Stlth+}
   (You found it on level 1 of the Lair of Beasts)

   [ring of fire]

   It enhances your fire magic.
   Int:       It affects your intelligence (+2).
   Slay:      It affects your accuracy & damage with ranged weapons and melee
   (+3).
   rF:        It protects you from fire.
   rC:        It makes you vulnerable to cold.
   SInv:      It lets you see invisible.
   Stlth:     It makes you more stealthy.
 Y - a ring of poison resistance
Wands
 j - a wand of iceblast (2)
 p - a wand of flame (15)
 r - a wand of digging (4)
 G - a wand of polymorph (5)
 R - a wand of mindburst (4)
Scrolls
 c - 4 scrolls of immolation
 f - a scroll of brand weapon {unknown}
 h - 3 scrolls of amnesia
 q - 4 scrolls of teleportation
 u - a scroll of blinking {unknown}
 w - 2 scrolls of enchant armour
 B - a scroll of fog
 E - 3 scrolls of fear
 V - a scroll of summoning {unknown}
Potions
 k - a potion of flight
 n - a potion of mutation
 t - 2 potions of haste {unknown}
 v - 4 potions of might
 x - 2 potions of magic
 D - a potion of brilliance {unknown}
 F - 5 potions of attraction
 H - a potion of ambrosia {unknown}
 I - 7 potions of heal wounds
 J - 2 potions of berserk rage
 N - a potion of invisibility
 O - 3 potions of cancellation {unknown}
 T - 2 potions of curing
Miscellaneous
 S - a phantom mirror
 W - a tin of tremorstones (1/2)


   Skills:
 - Level 9.0 Fighting
 - Level 9.0 Short Blades
 + Level 15.1 Crossbows
 - Level 4.0 Armour
 + Level 13.3 Dodging
 - Level 12.0 Stealth
 - Level 6.0 Evocations


You had 12 spell levels left.
You didn't know any spells.
Your spell library contained the following spells:

 Spells                   Type           Power      Damage    Failure   Level
 Animate Skeleton         Necr           0%         N/A       34%         1
 Apportation              Tloc           0%         N/A       34%         1
 Foxfire                  Conj/Fire      0%         2x1d4     34%         1
 Pain                     Necr           0%         1d4       34%         1
 Sandblast                Erth           0%         2d4       34%         1
 Summon Small Mammal      Summ           0%         N/A       34%         1
 Passwall                 Tmut/Erth      0%         N/A       47%         2
 Scorch                   Fire           0%         2d5       47%         2
 Conjure Flame            Conj/Fire      0%         6-21      71%         3
 Dazzling Flash           Conj/Hex       0%         N/A       71%         3
 Inner Flame              Hex/Fire       0%         N/A       71%         3
 Ozocubu's Armour         Ice            0%         N/A       71%         3
 Stone Arrow              Conj/Erth      0%         3d7       71%         3
 Vampiric Draining        Necr           0%         2d6       71%         3
 Flame Wave               Conj/Fire      0%         2d4       98%         4
 Leda's Liquefaction      Hex/Erth       0%         N/A       98%         4
 Agony                    Necr           0%         N/A       100%        5
 Fireball                 Conj/Fire      0%         3d3       100%        5
 Iskenderun's Battlesphe  Conj           0%         2d6       100%        5
 Lee's Rapid Deconstruct  Erth           0%         3d5*      100%        5
 Metabolic Englaciation   Hex/Ice        0%         N/A       100%        5
 Silence                  Hex/Air        0%         N/A       100%        5
 Conjure Ball Lightning   Conj/Air       0%         3x3d6     100%        6
 Simulacrum               Ice/Necr       0%         N/A       100%        6
 Statue Form              Tmut/Erth      0%         N/A       100%        6
 Summon Cactus Giant      Summ           0%         N/A       100%        6
 Orb of Destruction       Conj           0%         9d5       100%        7


Dungeon Overview and Level Annotations

Branches:
Dungeon (10/15)            Temple (1/1) D:4            Lair (4/6) D:10
 Shoals (0/4) Lair:2       Spider (0/4) Lair:3       Bailey (visited)
  IceCv (visited)
    Orc: D:9-12

Altars:
Ashenzari
Cheibriados
Dithmenos
Elyvilon
Fedhas
Gozag
Hepliaklqana
Kikubaaqudgha
Makhleb
Nemelex Xobeh
Okawaru
Qazlal
Ru
Sif Muna
Trog
Uskayaw
Wu Jian
Xom
Yredelemnul
Zin
The Shining One

Shops:
D:7 (   D:8 !(   D:10 ?

Annotations:
D:10 Harold


Innate Abilities, Weirdness & Mutations

You are small and have problems with some larger weapons.
You are completely attuned to the shadows.


Message History

Press: ? - help, Shift-Dir - straight line The mass of ice explodes!
The iceblast engulfs the elephant!!
The elephant is moderately wounded.
The elephant is distracted by your dazzling golden aura.
An elephant comes into view.
Aiming: Iceblast
Press: ? - help, Shift-Dir - straight line The mass of ice explodes!
The iceblast engulfs the elephant!
The elephant is heavily wounded.
The elephant is no longer distracted by gold.
The elephant trumpets!
Aiming: Iceblast
Press: ? - help, Shift-Dir - straight line The mass of ice explodes!
The iceblast engulfs the elephant!
The elephant is severely wounded.
The iceblast engulfs the elephant.
The elephant is lightly wounded.
You hear a trumpeting!
Aiming: Iceblast
Press: ? - help, Shift-Dir - straight line, f - elephant
Aim: an elephant (lightly wounded)
The mass of ice explodes!
The iceblast engulfs the elephant!
The elephant is moderately wounded.
The iceblast engulfs the elephant!
The elephant is almost dead.
The elephant completely misses you. The elephant barely misses you.
The tremorstone explodes into fragments!
The burst of rock shards engulfs the elephant!
The burst of rock shards engulfs the elephant!!
You kill the elephant!
The burst of rock shards engulfs the elephant.
The burst of rock shards engulfs the fungus!!
The fungus begins to die.
The burst of rock shards engulfs you!
* * * LOW HITPOINT WARNING * * *
The burst of rock shards engulfs the elephant! x3
The burst of rock shards engulfs the elephant.
The burst of rock shards engulfs the fungus!!
The burst of rock shards engulfs you!!
You die...
Your body crumbles into a pile of gold.

##........
##.....$##
#P.....##
##....###
#P......###.....#
#........##.....#
........###.....#
.....Y..#..##....
#...@$.Y$$......
....#.P######...
#.###### # #


You could see 2 elephants.

Vanquished Creatures
  Gastronok (Lair:2)
  A hydra (Lair:4)
  A two-headed ogre (D:8)
  An orc knight (Bailey)
  A manticore (D:8)
  4 elephants (Lair:4)
  Joseph (D:10)
  4 black mambas
  The ghost of Hubris850 the Archer, a novice MiHu of Qazlal (D:6)
  2 cane toads
  2 komodo dragons
  Psyche (D:9)
  An unseen horror (D:10)
  A troll (D:10)
  12 blink frogs
  4 jumping spiders (Lair:3)
  3 culicivoras (Lair:3)
  2 wraiths (D:10)
  16 yaks
  2 wyverns
  2 basilisks (Lair:3)
  Grum (D:9)
  A steam dragon (D:10)
  2 redbacks (Lair:3)
  Menkaure (D:7)
  2 acid dragons
  12 water moccasins
  4 black bears (D:10)
  A sky beast (D:8)
  An ice beast (D:6)
  5 orc warriors
  An ogre (D:7)
  12 wolves
  2 phantoms (D:5)
  4 centaurs
  14 kobold brigands
  10 bullfrogs
  7 necrophages (Lair:2)
  A scorpion (D:5)
  21 wights
  8 killer bees (D:9)
  An electric eel (D:7)
  4 howler monkeys
  3 quasits (D:6)
  8 orc priests
  2 jellies
  4 hounds
  Crazy Yiuf (D:6)
  Terence (D:3)
  A gnoll shaman (D:4)
  Ijyb (D:3)
  3 iguanas (D:4)
  12 orc wizards
  7 hell rats (Lair:2)
  A wolf simulacrum (IceCv)
  A troll simulacrum (IceCv)
  5 gnolls
  9 adders
  5 white imps
  2 ufetubi
  4 worms
  A dart slug (D:4)
  39 orcs
  4 endoplasms
  3 giant cockroaches
  15 goblins
  18 hobgoblins
  8 jackals
  48 kobolds
  5 quokkas
  3 ball pythons
  4 bats
  5 frilled lizards
  5 rats
406 creatures vanquished.

Vanquished Creatures (others)
  47 fungi
  77 plants
124 creatures vanquished.

Grand Total: 530 creatures vanquished

Notes
Turn   | Place    | Note
-------+----------+-------------------------------------------
     0 | D:1      | bearlyready the Kobold Hunter began the quest for the Orb.
     0 | D:1      | Reached XP level 1. HP: 12/12 MP: 1/1
   170 | D:1      | Reached XP level 2. HP: 12/17 MP: 2/2
   286 | D:1      | Found a faded altar of an unknown god.
   393 | D:1      | Reached skill level 6 in Crossbows
   838 | D:2      | Reached XP level 3. HP: 21/21 MP: 3/3
  1323 | D:2      | Reached skill level 7 in Crossbows
  1349 | D:2      | Found a hazy altar of Hepliaklqana.
  1533 | D:2      | Reached XP level 4. HP: 15/26 MP: 4/4
  2087 | D:3      | Found a white marble altar of Elyvilon.
  2375 | D:3      | Noticed Terence
  2397 | D:4      | Found a staircase to the Ecumenical Temple.
  2408 | Temple   | Entered the Ecumenical Temple
  2547 | Temple   | Became a worshipper of Gozag Ym Sagoz the Greedy
  2636 | D:4      | Found a stormy altar of Qazlal.
  2658 | D:4      | Noticed a wyvern
  2678 | D:4      | Reached XP level 5. HP: 18/30 MP: 5/5
  3055 | D:4      | Reached skill level 8 in Crossbows
  3213 | D:4      | Noticed an ogre
  3567 | D:5      | Entered Level 5 of the Dungeon
  3567 | D:5      | Noticed a phantom
  3674 | D:4      | Found an iron altar of Okawaru.
  3761 | D:5      | Noticed a phantom
  3774 | D:5      | Killed a phantom
  3775 | D:5      | Reached XP level 6. HP: 31/35 MP: 6/6
  3883 | D:5      | Reached skill level 9 in Crossbows
  4125 | D:3      | Killed Terence
  4126 | D:3      | Reached XP level 7. HP: 14/40 MP: 7/7
  4802 | D:3      | Reached skill level 5 in Dodging
  4832 | D:3      | Noticed Ijyb
  4848 | D:3      | Killed Ijyb
  5349 | D:4      | Found a burning altar of Makhleb.
  5765 | D:5      | Noticed a water moccasin
  6884 | D:5      | Reached skill level 10 in Crossbows
  6888 | D:5      | HP: 1/41 [orc priest/divine providence (9)]
  6890 | D:5      | Reached XP level 8. HP: 2/46 MP: 8/8
  6958 | D:5      | Reached skill level 1 in Evocations
  6995 | D:5      | Found a glowing silver altar of Zin.
  7196 | D:5      | Reached skill level 1 in Armour
  8091 | D:6      | Found a transporter.
  8226 | D:6      | Identified the +1 scythe of War {freeze, rF+ rC+ Int+3}
  8336 | D:6      | Noticed Hubris850's ghost (novice MiHu)
  8759 | D:6      | Reached skill level 1 in Short Blades
  9057 | D:6      | Reached XP level 9. HP: 41/52 MP: 9/9
  9131 | D:6      | Found a transporter.
  9826 | D:6      | Found a runed translucent door.
  9829 | D:6      | Noticed Crazy Yiuf
  9834 | D:6      | Killed Crazy Yiuf
  9885 | D:6      | Reached skill level 5 in Short Blades
 10273 | D:7      | Noticed Menkaure
 10626 | D:7      | Found a sacrificial altar of Ru.
 10627 | D:7      | Found a hide-covered altar of Uskayaw.
 10627 | D:7      | Found a sparkling altar of Nemelex Xobeh.
 10994 | D:6      | Reached skill level 5 in Fighting
 11451 | D:7      | Found Noiqe's Antique Weapon Emporium.
 11502 | D:7      | Bought a glowing hand crossbow for 162 gold pieces
 11542 | D:7      | Found a broken altar of Ashenzari.
 11762 | D:7      | Killed Menkaure
 11763 | D:7      | Reached XP level 10. HP: 59/59 MP: 10/10
 11896 | D:7      | Reached skill level 5 in Stealth
 12277 | D:8      | Found Qerhiqa's Antique Weapon Emporium.
 12309 | D:8      | Noticed a two-headed ogre
 12312 | D:8      | Noticed a manticore
 12610 | D:8      | Found Bawi's Distillery.
 12631 | D:8      | Found a flagged portal.
 12637 | Bailey   | Entered a bailey
 12768 | Bailey   | Noticed an orc knight
 12801 | Bailey   | Killed an orc knight
 12802 | Bailey   | Noticed an orc knight
 13075 | D:8      | HP: 4/90 [manticore (1)]
 13076 | D:8      | Killed a manticore
 14262 | D:9      | Reached skill level 11 in Crossbows
 14262 | D:9      | Reached XP level 11. HP: 66/66 MP: 11/11
 14276 | D:9      | Reached skill level 5 in Evocations
 14336 | D:9      | Noticed Psyche
 14342 | D:9      | Killed Psyche
 14544 | D:9      | Identified the +1 leather armour "Qyonuas" {rPois Will+
                  | Dex+4}
 15188 | D:9      | Noticed Grum
 15200 | D:9      | Killed Grum
 15392 | D:10     | Entered Level 10 of the Dungeon
 15570 | D:10     | Noticed Harold
 15606 | D:10     | Found a snail-covered altar of Cheibriados.
 15640 | D:8      | Killed a two-headed ogre
 16175 | D:8      | Bought 2 potions of heal wounds for 140 gold pieces
 16175 | D:8      | Bought a potion of berserk rage for 70 gold pieces
 16175 | D:8      | Bought a potion of heal wounds for 70 gold pieces
 16175 | D:8      | Bought a potion of heal wounds for 70 gold pieces
 16175 | D:8      | Bought 2 potions of might for 112 gold pieces
 16365 | D:6      | Killed Hubris850's ghost
 16768 | D:10     | Reached skill level 10 in Dodging
 16945 | D:10     | Reached skill level 12 in Crossbows
 17105 | D:10     | Found a staircase to the Lair.
 17120 | D:10     | Found Peusuuh's Magic Scroll Boutique.
 17125 | D:10     | Bought a scroll of fear for 56 gold pieces
 17125 | D:10     | Bought a scroll of enchant armour for 120 gold pieces
 17125 | D:10     | Bought a scroll of teleportation for 48 gold pieces
 17299 | D:10     | Found an ornate altar of the Wu Jian Council.
 17535 | D:10     | Noticed Joseph
 17541 | D:10     | Killed Joseph
 17542 | D:10     | Reached XP level 12. HP: 57/74 MP: 12/12
 17782 | D:10     | Found a hazy altar of Hepliaklqana.
 18078 | Lair:1   | Entered Level 1 of the Lair of Beasts
 18142 | Lair:1   | Identified the ring of Emezoskes {Fire Int+2 Slay+3 SInv
                  | Stlth+}
 18174 | Lair:1   | Found a frozen archway.
 18180 | IceCv    | Entered an ice cave
 18996 | Lair:1   | Identified the +0 robe of Ashenzari, Protecting {*Corrode
                  | rC+ Str+3 Dex+4}
 19289 | Lair:1   | You fall into a shaft and drop 1 floor!
 19370 | Lair:2   | Reached skill level 10 in Stealth
 19486 | Lair:2   | Noticed Gastronok
 19506 | Lair:2   | Killed Gastronok
 19649 | Lair:2   | Found a staircase to the Shoals.
 19753 | Lair:2   | Reached skill level 13 in Crossbows
 20880 | Lair:3   | Found a hole to the Spider Nest.
 21523 | Lair:3   | Reached XP level 13. HP: 80/80 MP: 13/13
 21676 | Lair:3   | Reached skill level 14 in Crossbows
 22327 | Lair:4   | Noticed a four-headed hydra
 22346 | Lair:4   | Killed a four-headed hydra
 22874 | Lair:4   | Reached skill level 15 in Crossbows
 22914 | Lair:4   | Killed themself with a badly aimed burst of rock shards

Illustrated notes

Levels and vault maps discovered:
D:1:      minmay_arrival_jagged, layout_rooms, chequers_ecumenical_altar_twisty
D:2:      layout_loops_cross, basic_altar, minmay_tiny_reverse_x
D:3:      layout_loops_corners, elyvilon_altar_4, minmay_misc_feat_rugged,
          minmay_surrounded, uniq_ijyb, uniq_terence
D:4:      layout_basic, mainiacjoe_overflow_24_doors,
          kennysheep_okawaru_gauntlet, grunt_qazlal_sundering,
          minmay_temple_entry_purple_smoke
D:5:      layout_loops_cross, mainiacjoe_overflow_catwalk
D:6:      corexii_shantytown, layout_basic, gammafunk_ghost_stat_death,
          grunt_decor_one_mirror, uniq_crazy_yiuf_cottage
D:7:      layout_rooms, nicolae_overflow_quartered_altars, serial_shops,
          nicolae_shop_temple_entry_statues_fountains, lightli_minifort,
          uniq_menkaure
D:8:      layout_basic, serial_shops, shop, nicolae_shop_statue_plus,
          enter_bailey_2, minmay_manual_monolith
D:9:      layout_loops_cross, corexii_leaking_fountain, uniq_psyche, uniq_grum
D:10:     layout_layer_cave, kennysheep_little_box,
          mainiacjoe_overflow_cross_hatched, jmf_multi_god_temple,
          due_lair_maze_entry_diamond, serial_shops, nicolae_shop_crystal,
          minmay_misc_feat_room, grunt_decor_mini_mirrors, uniq_joseph,
          uniq_harold
Temple:   jpeg_temple_island
Lair:1:   layout_chaotic_city, portal_ice_cave_entry_pillars_1
Lair:2:   layout_small_grid, minmay_shoals_entry_centaurs,
          chequers_serial_rivers_small_3, chequers_serial_rivers_micro_d,
          roderic_carrion_pond, uniq_gastronok
Lair:3:   layout_cave_pods, nicolae_spider_entry_tight_spaces
Lair:4:   layout_cave_pods

Skill      XL: |  1  2  3  4  5  6  7  8  9 10 11 12 13 |
---------------+----------------------------------------+-----
Crossbows      | 6 7 8 9 10 11 12 13 15 | 15.1
Dodging        | 3 4 5 7 9 10 12 13 | 13.3
Fighting       | 3 4 5 6 8 9 |  9.0
Evocations     | 3 4 6 |  6.0
Armour         | 2 3 4 |  4.0
Stealth        | 3 4 7 9 11 12 | 12.0
Short Blades   | 2 7 8 9 |  9.0

Action                   |  1- 3 |  4- 6 |  7- 9 | 10-12 | 13-15 || total
-------------------------+-------+-------+-------+-------+-------++-------
Melee: Hand crossbow     |       |       |     1 |       |       ||     1
       Rapier            |       |       |    98 |   237 |    51 ||   386
       Punch             |       |       |     1 |     3 |     3 ||     7
 Fire: Hand crossbow     |    82 |   145 |   392 |   535 |    42 ||  1196
Throw: Dart              |       |     4 |     2 |       |       ||     6
Invok: Potion Petition   |       |       |       |     2 |       ||     2
Evoke: Wand              |       |     2 |     8 |    11 |     7 ||    28
       Tin of tremorston |       |       |       |       |     1 ||     1
  Use: Scroll            |       |     4 |     3 |    12 |       ||    19
       Potion            |       |       |     2 |     7 |       ||     9
 Stab: Sleeping          |       |       |     5 |     4 |     1 ||    10
       Distracted        |       |       |     2 |     2 |     2 ||     6
       Invisible         |       |       |       |     3 |       ||     3
Armor: Leather armour    |     3 |       |    32 |    65 |    12 ||   112
       Ring mail         |     6 |    26 |    35 |       |       ||    67
       Skin              |       |       |       |    66 |       ||    66
Dodge: Dodged            |    21 |    48 |   280 |   451 |    94 ||   894
Block: Buckler           |     6 |    18 |     1 |       |       ||    25

Table legend: (Time is in decaauts)
 A = Elapsed time spent in this place.
 B = Non-inter-level travel time spent in this place.
 C = Inter-level travel time spent in this place.
 D = Time resting spent in this place.
 E = Time spent auto-exploring this place.
 F = Levels seen in this place.
 G = Mean time per level.
                   A        B        C        D        E       F      G
               +--------+--------+--------+--------+--------+-----+--------+
         Total |  23014 |  21842 |   1172 |   3249 |  14410 |  17 | 1353.8 |
       Dungeon |  17865 |  16842 |   1023 |   3087 |  10491 |  10 | 1786.5 |
        Temple |    159 |    147 |     12 |      0 |    130 |   1 |  159.0 |
          Lair |   4510 |   4373 |    137 |     33 |   3604 |   4 | 1127.5 |
        Bailey |    176 |    176 |      0 |      0 |     76 |   1 |  176.0 |
      Ice Cave |    302 |    302 |      0 |    129 |    108 |   1 |  302.0 |
               +--------+--------+--------+--------+--------+-----+--------+

Top non-repeatable levels by time:
     D:6: 3067 daAuts
     D:4: 2801 daAuts
     D:5: 2550 daAuts
     D:7: 1670 daAuts
  Lair:3: 1656 daAuts
     D:8: 1575 daAuts
    D:10: 1566 daAuts
     D:9: 1563 daAuts
     D:3: 1249 daAuts
     D:2: 1151 daAuts
  Lair:2: 1140 daAuts
  Lair:1: 1110 daAuts
     D:1: 668 daAuts
  Lair:4: 603 daAuts
   IceCv: 302 daAuts
